General information
- name: BNet
- type: Ladder team game (AT/RT)
- host: Battle.net
- saver: WhiteLineOCoke
map: RiverOfSouls
- players: 6
- length: 41:39
- speed: Fast
- version: 1.21 W3XP
- replay type: Public
» download(219 KB)
Players
team 1 (winner)
AllUpInMyNasyo (
green | 44 APM | 1837 actions | 41:37)
6 Keeper of the Grove
3 Entangling Roots
2 Force of Nature
1 Tranquility
3 Pit Lord
2 Rain of Fire
1 Howl of Terror
2 Pandaren Brewmaster
1 Breath of Fire
1 Drunken Haze
» actions
| Assign group hotkey | 2 | |
| Basic commands | 110 | |
| Build / train | 67 | |
| ESC pressed | 12 | |
| Enter build submenu | 21 | |
| Enter hero's abilities submenu | 11 | |
| Give item / drop item | 1 | |
| Right click | 1046 | |
| Select / deselect | 394 | |
| Select group hotkey | 42 | |
| Use ability | 131 | |
1837 total
» units
» upgrades
| Reinforced Hides | 3 | |
| Strength of the Wild | 2 | |
| Druid of the Talon Training | 1 | |
| Corrosive Breath | 1 | |
| Nature's Blessing | 1 | |
| Well Spring | 1 | |
9 total
» buildings
| Altar of Elders | 1 | |
| Moon Well | 13 | |
| Tree of Life | 2 | |
| Tree of Ages | 1 | |
| Hunter's Hall | 1 | |
| Tree of Eternity | 1 | |
| Ancient of Wind | 1 | |
| Chimaera Roost | 1 | |
| Ancient Protector | 10 | |
31 total
» build order
00:13 Altar of Elders
00:15 Moon Well
03:03 Moon Well
03:10 Moon Well
03:20 Tree of Life
05:09 Tree of Life
09:42 Moon Well
09:45 Moon Well
09:46 Moon Well
10:09 Tree of Ages
10:13 Hunter's Hall
12:32 Moon Well
12:33 Moon Well
13:12 Tree of Eternity
13:17 Ancient of Wind
14:11 Moon Well
14:12 Moon Well
14:13 Moon Well
17:14 Chimaera Roost
17:26 Moon Well
17:29 Moon Well
27:39 Ancient Protector
27:42 Ancient Protector
27:43 Ancient Protector
27:44 Ancient Protector
27:45 Ancient Protector
29:51 Ancient Protector
29:52 Ancient Protector
29:58 Ancient Protector
29:59 Ancient Protector
30:03 Ancient Protector
» items
| Staff of Teleportation | 3 | |
| Boots of Speed | 3 | |
| Lesser Clarity Potion | 2 | |
| Potion of Healing | 2 | |
| Healing Salve | 1 | |
| Orb of Lightning | 3 | |
14 total
ISlangYayYO (
blue | 43 APM | 1790 actions | 41:37)
6 Blademaster
2 Wind Walk
3 Critical Strike
1 Bladestorm
» actions
| Basic commands | 51 | |
| Build / train | 89 | |
| Enter build submenu | 50 | |
| Enter hero's abilities submenu | 5 | |
| Right click | 987 | |
| Select / deselect | 359 | |
| Use ability | 249 | |
1790 total
» units
| Peon | 19 | |
| Troll Batrider | 29 | |
| Kodo Beast | 6 | |
54 total
» upgrades
| Spiked Barricades | 3 | |
| Liquid Fire | 1 | |
| Reinforced Defenses | 1 | |
| Ranged Weapons | 3 | |
| Troll Regeneration | 1 | |
| Armor | 3 | |
| Melee Weapons | 2 | |
| Ensnare | 1 | |
| Envenomed Spears | 1 | |
| War Drums Damage Increase | 1 | |
| Berserker Strength | 1 | |
| Berserker Upgrade | 1 | |
| Burning Oil | 1 | |
20 total
» buildings
| Altar of Storms | 1 | |
| War Mill | 4 | |
| Orc Burrow | 4 | |
| Watch Tower | 130 | |
| Voodoo Lounge | 4 | |
| Stronghold | 1 | |
| Beastiary | 2 | |
| Fortress | 1 | |
| Barracks | 1 | |
148 total
» build order
00:10 Altar of Storms
00:14 War Mill
00:47 Orc Burrow
01:17 Orc Burrow
02:06 Watch Tower
02:21 Watch Tower
02:22 Watch Tower
03:03 Watch Tower
03:05 Watch Tower
03:50 Watch Tower
03:51 Watch Tower
03:56 Watch Tower
04:34 Orc Burrow
04:37 Voodoo Lounge
04:41 Voodoo Lounge
04:44 Voodoo Lounge
05:01 Watch Tower
05:10 Watch Tower
05:11 Watch Tower
05:12 Watch Tower
05:12 Watch Tower
05:13 Watch Tower
05:14 Watch Tower
05:47 Watch Tower
05:54 Watch Tower
06:31 Watch Tower
06:35 Watch Tower
06:41 Watch Tower
06:52 Watch Tower
07:01 Stronghold
07:16 Watch Tower
07:59 Watch Tower
08:03 Watch Tower
08:16 Watch Tower
08:16 Watch Tower
08:17 Watch Tower
08:27 Watch Tower
08:28 Watch Tower
08:31 Watch Tower
08:31 Watch Tower
08:32 Watch Tower
08:33 Watch Tower
08:36 Watch Tower
08:39 Watch Tower
08:40 Watch Tower
08:41 Watch Tower
08:42 Watch Tower
08:43 Watch Tower
08:43 Watch Tower
09:08 Watch Tower
09:09 Watch Tower
09:10 Watch Tower
09:11 Watch Tower
09:12 Watch Tower
09:12 Watch Tower
09:26 Watch Tower
09:27 Watch Tower
10:02 Beastiary
10:06 Beastiary
10:11 Orc Burrow
10:39 Watch Tower
10:40 Watch Tower
10:41 Watch Tower
10:42 Watch Tower
10:44 Watch Tower
10:45 Watch Tower
11:22 Fortress
12:11 Watch Tower
12:12 Watch Tower
12:15 Watch Tower
12:20 Watch Tower
12:20 Watch Tower
12:21 Watch Tower
12:22 Watch Tower
12:24 Watch Tower
12:27 Watch Tower
12:28 Watch Tower
12:30 Watch Tower
13:10 War Mill
13:12 War Mill
13:12 War Mill
13:23 Watch Tower
13:36 Barracks
14:03 Watch Tower
14:04 Watch Tower
14:04 Watch Tower
14:05 Watch Tower
14:15 Watch Tower
14:16 Watch Tower
14:17 Watch Tower
16:19 Voodoo Lounge
16:50 Watch Tower
21:42 Watch Tower
21:43 Watch Tower
21:45 Watch Tower
21:46 Watch Tower
21:51 Watch Tower
21:53 Watch Tower
21:54 Watch Tower
21:55 Watch Tower
21:56 Watch Tower
21:59 Watch Tower
22:00 Watch Tower
22:00 Watch Tower
22:01 Watch Tower
22:02 Watch Tower
23:27 Watch Tower
23:28 Watch Tower
23:30 Watch Tower
23:30 Watch Tower
23:31 Watch Tower
23:32 Watch Tower
23:37 Watch Tower
23:38 Watch Tower
23:40 Watch Tower
23:40 Watch Tower
23:41 Watch Tower
23:45 Watch Tower
23:47 Watch Tower
23:48 Watch Tower
23:51 Watch Tower
23:52 Watch Tower
23:53 Watch Tower
23:54 Watch Tower
23:54 Watch Tower
23:55 Watch Tower
27:35 Watch Tower
27:36 Watch Tower
27:37 Watch Tower
27:38 Watch Tower
27:38 Watch Tower
27:39 Watch Tower
27:49 Watch Tower
27:50 Watch Tower
27:53 Watch Tower
27:53 Watch Tower
27:55 Watch Tower
28:01 Watch Tower
28:02 Watch Tower
28:03 Watch Tower
29:39 Watch Tower
29:40 Watch Tower
29:41 Watch Tower
29:43 Watch Tower
29:44 Watch Tower
29:45 Watch Tower
29:45 Watch Tower
29:46 Watch Tower
» items
| Staff of Teleportation | 1 | |
| Boots of Speed | 3 | |
| Orb of Lightning | 1 | |
5 total
WhiteLineOCoke (
yellow | 56 APM | 2349 actions | 41:39)
6 Mountain King
2 Storm Bolt
3 Bash
1 Avatar
6 Paladin
3 Holy Light
3 Divine Shield
» actions
| Assign group hotkey | 7 | |
| Basic commands | 64 | |
| Build / train | 110 | |
| ESC pressed | 1 | |
| Enter build submenu | 58 | |
| Enter hero's abilities submenu | 12 | |
| Give item / drop item | 12 | |
| Right click | 703 | |
| Select / deselect | 334 | |
| Select group hotkey | 818 | |
| Use ability | 230 | |
2349 total
» units
| Peasant | 14 | |
| Sorceress | 4 | |
| Priest | 3 | |
21 total
» upgrades
| Masonry | 3 | |
| Magic Sentry | 1 | |
| Lumber Harvesting | 2 | |
| Sorceress Training | 2 | |
| Priest Training | 2 | |
| Backpack | 1 | |
| Cloud | 1 | |
| Animal War Training | 1 | |
| Armor | 3 | |
| Swords | 3 | |
19 total
» buildings
| Altar of Kings | 1 | |
| Farm | 10 | |
| Lumber Mill | 1 | |
| Scout Tower | 64 | |
| Arcane Tower | 8 | |
| Guard Tower | 27 | |
| Keep | 2 | |
| Arcane Vault | 1 | |
| Castle | 2 | |
| Arcane Sanctum | 1 | |
| Gryphon Aviary | 1 | |
| Blacksmith | 1 | |
| Barracks | 1 | |
| Town Hall | 1 | |
121 total
» build order
00:07 Altar of Kings
00:13 Farm
00:19 Lumber Mill
02:17 Farm
02:36 Scout Tower
03:07 Arcane Tower
03:09 Scout Tower
03:10 Scout Tower
03:46 Guard Tower
03:49 Scout Tower
03:50 Scout Tower
04:20 Guard Tower
04:21 Scout Tower
04:24 Scout Tower
04:28 Scout Tower
04:31 Keep
04:43 Scout Tower
04:47 Scout Tower
04:48 Scout Tower
04:51 Scout Tower
04:52 Scout Tower
04:52 Guard Tower
05:12 Arcane Vault
05:21 Guard Tower
05:25 Guard Tower
05:25 Guard Tower
05:33 Scout Tower
05:34 Scout Tower
05:35 Guard Tower
05:40 Scout Tower
05:41 Scout Tower
05:44 Guard Tower
05:56 Farm
05:57 Farm
06:12 Guard Tower
06:16 Scout Tower
06:16 Scout Tower
06:30 Guard Tower
06:35 Guard Tower
06:38 Scout Tower
06:41 Scout Tower
06:51 Guard Tower
07:03 Scout Tower
07:04 Scout Tower
07:06 Scout Tower
07:31 Guard Tower
07:33 Guard Tower
07:35 Scout Tower
07:36 Scout Tower
07:40 Scout Tower
07:41 Guard Tower
08:09 Guard Tower
08:12 Scout Tower
08:13 Scout Tower
08:17 Castle
08:20 Guard Tower
08:27 Arcane Sanctum
08:44 Guard Tower
08:49 Scout Tower
08:50 Scout Tower
09:23 Guard Tower
10:18 Scout Tower
10:21 Scout Tower
10:26 Scout Tower
10:47 Arcane Tower
10:54 Scout Tower
10:57 Scout Tower
11:16 Farm
12:11 Gryphon Aviary
12:39 Arcane Tower
12:42 Arcane Tower
12:47 Arcane Tower
12:47 Arcane Tower
12:48 Arcane Tower
13:56 Farm
13:58 Blacksmith
13:58 Barracks
17:09 Farm
19:27 Scout Tower
19:29 Scout Tower
19:30 Scout Tower
19:31 Scout Tower
19:32 Scout Tower
19:45 Scout Tower
19:46 Scout Tower
19:47 Scout Tower
19:49 Scout Tower
19:51 Scout Tower
22:04 Guard Tower
22:12 Town Hall
22:25 Farm
22:25 Farm
22:26 Farm
23:17 Scout Tower
23:18 Scout Tower
23:19 Scout Tower
23:20 Scout Tower
23:21 Scout Tower
23:22 Scout Tower
23:22 Scout Tower
24:30 Keep
24:33 Guard Tower
26:52 Castle
26:54 Scout Tower
26:55 Scout Tower
26:55 Scout Tower
26:57 Scout Tower
26:57 Scout Tower
26:59 Scout Tower
27:00 Scout Tower
27:00 Scout Tower
27:01 Scout Tower
27:02 Scout Tower
27:02 Scout Tower
27:53 Guard Tower
28:18 Guard Tower
30:03 Guard Tower
30:29 Guard Tower
» items
| Staff of Teleportation | 2 | |
| Boots of Speed | 2 | |
| Lesser Clarity Potion | 7 | |
| Healing Salve | 2 | |
| Staff of Sanctuary | 2 | |
| Orb of Lightning | 2 | |
17 total
team 2 (loser)
GG-Aar0nz (
purple | 45 APM | 1886 actions | 41:36)
1 Blademaster
1 Wind Walk
» actions
| Assign group hotkey | 35 | |
| Build / train | 51 | |
| Enter build submenu | 28 | |
| Enter hero's abilities submenu | 1 | |
| Remove unit from queue | 2 | |
| Right click | 1301 | |
| Select / deselect | 346 | |
| Select group hotkey | 90 | |
| Use ability | 32 | |
1886 total
» units
| Peon | 11 | |
| Grunt | 3 | |
| Demolisher | 7 | |
| Troll Batrider | 11 | |
| Wind Rider | 8 | |
| Kodo Beast | -1 | |
39 total
» upgrades
| Liquid Fire | 1 | |
| Armor | 2 | |
| Burning Oil | 1 | |
| Melee Weapons | 1 | |
| Envenomed Spears | 1 | |
6 total
» buildings
| War Mill | 2 | |
| Watch Tower | 4 | |
| Orc Burrow | 8 | |
| Altar of Storms | 1 | |
| Barracks | 1 | |
| Stronghold | 1 | |
| Voodoo Lounge | 1 | |
| Spirit Lodge | 1 | |
| Fortress | 1 | |
| Beastiary | 2 | |
22 total
» build order
00:09 War Mill
01:30 Watch Tower
01:34 Watch Tower
02:38 Orc Burrow
03:01 Watch Tower
03:57 Altar of Storms
04:12 Barracks
05:40 Orc Burrow
06:20 Watch Tower
06:30 Orc Burrow
06:31 Stronghold
07:41 Orc Burrow
07:44 Voodoo Lounge
09:01 Spirit Lodge
09:02 Fortress
09:28 Beastiary
10:28 Beastiary
11:52 Orc Burrow
13:09 Orc Burrow
14:19 Orc Burrow
16:55 Orc Burrow
17:18 War Mill

»
GG-BunnyBunny (
teal | 34 APM | 1372 actions | 39:57)
2 Death Knight
1 Death Coil
1 Unholy Aura
2 Lich
1 Frost Nova
1 Frost Armor
» actions
| Assign group hotkey | 8 | |
| Basic commands | 5 | |
| Build / train | 47 | |
| Enter build submenu | 23 | |
| Enter hero's abilities submenu | 4 | |
| Right click | 834 | |
| Select / deselect | 406 | |
| Select group hotkey | 9 | |
| Use ability | 36 | |
1372 total
» units
| Acolyte | 2 | |
| Ghoul | 4 | |
| Crypt Fiend | 7 | |
| Meatwagon | 3 | |
| Frost Wyrm | 16 | |
| Obsidian Statue | 1 | |
33 total
» upgrades
| Creature Attack | 2 | |
| Creature Carapace | 1 | |
| Web | 1 | |
| Freezing Breath | 1 | |
| Burrow | 1 | |
6 total
» buildings
| Altar of Darkness | 1 | |
| Ziggurat | 7 | |
| Crypt | 1 | |
| Graveyard | 1 | |
| Halls of the Dead | 1 | |
| Tomb of Relics | 1 | |
| Black Citadel | 1 | |
| Sacrificial Pit | 1 | |
| Slaughterhouse | 1 | |
| Boneyard | 2 | |
17 total
» build order
00:03 Altar of Darkness
00:14 Ziggurat
01:12 Crypt
02:03 Graveyard
03:02 Ziggurat
04:42 Halls of the Dead
04:59 Tomb of Relics
06:24 Ziggurat
07:11 Ziggurat
08:08 Black Citadel
08:20 Sacrificial Pit
09:01 Slaughterhouse
09:17 Ziggurat
11:48 Boneyard
11:56 Boneyard
14:19 Ziggurat
14:27 Ziggurat
nagasumi (
pink | 81 APM | 3291 actions | 40:29)
4 Archmage
1 Summon Water Elemental
2 Blizzard
1 Brilliance Aura
» actions
| Assign group hotkey | 35 | |
| Basic commands | 26 | |
| Build / train | 75 | |
| Enter build submenu | 30 | |
| Enter hero's abilities submenu | 4 | |
| Right click | 1720 | |
| Select / deselect | 471 | |
| Select group hotkey | 848 | |
| Use ability | 82 | |
3291 total
» units
| Peasant | 15 | |
| Footman | 11 | |
| Mortar Team | 13 | |
| Siege Engine | 3 | |
| Knight | 10 | |
| Gryphon Rider | 12 | |
64 total
» upgrades
| Animal War Training | 1 | |
| Barrage | 1 | |
| Storm Hammers | 1 | |
3 total
» buildings
| Scout Tower | 3 | |
| Arcane Tower | 1 | |
| Altar of Kings | 1 | |
| Barracks | 1 | |
| Farm | 14 | |
| Keep | 1 | |
| Blacksmith | 1 | |
| Workshop | 1 | |
| Castle | 1 | |
| Lumber Mill | 1 | |
| Gryphon Aviary | 1 | |
26 total
» build order
01:18 Scout Tower
01:23 Scout Tower
01:33 Arcane Tower
01:40 Scout Tower
01:58 Altar of Kings
02:19 Barracks
03:25 Farm
05:14 Farm
05:50 Farm
07:06 Farm
08:09 Farm
09:01 Keep
09:58 Farm
10:26 Farm
11:28 Blacksmith
12:08 Workshop
17:23 Farm
18:04 Farm
19:06 Castle
22:06 Lumber Mill
25:06 Gryphon Aviary
30:10 Farm
30:48 Farm
31:28 Farm
32:11 Farm
35:28 Farm
Chat log
(00:05 / All) AllUpInMyNasyo: you going to tie hack us again?
(00:07 / Allies) AllUpInMyNasyo: vent still off
(00:32 / Allies) WhiteLineOCoke: get in vent plz
(00:50 / Allies) AllUpInMyNasyo: lol
(02:55 / All) WhiteLineOCoke: just tie hack us now
(03:39 / All) ISlangYayYO: tiehack
(04:04 / All) ISlangYayYO: LOL
(04:14 / All) WhiteLineOCoke: great micro
(08:45 / Allies) AllUpInMyNasyo: pruple hero
(09:07 / Allies) AllUpInMyNasyo: need sight
(17:33 / All) ISlangYayYO: drop hack us
(19:44 / All) ISlangYayYO: nice bats
(22:34 / All) ISlangYayYO: drop hacks us when you out of gold?
(22:50 / All) ISlangYayYO: Pre dick table noo bs
(23:15 / All) ISlangYayYO: ty for da level purpz
(23:23 / All) GG-Aar0nz: o.O
(28:27 / Allies) AllUpInMyNasyo: i ptpped a peon
(28:48 / All) WhiteLineOCoke: you can't win just tiehack us now
(30:22 / All) GG-Aar0nz: i find it weird, did we really hack?
(30:36 / All) ISlangYayYO: you dropp hacked us on sunrock cove
(30:36 / All) WhiteLineOCoke: nah we just all dropped simultaneously and got a draw
(30:39 / All) WhiteLineOCoke: def. not hacks
(31:03 / All) GG-Aar0nz: and than whats with the hacking and all this?
(31:18 / All) ISlangYayYO: what are you talking about noob
(31:35 / All) GG-Aar0nz: its also not our fault we did not know it will happen that way
(31:50 / All) WhiteLineOCoke: "we accidentally used tiehacks"
(32:05 / All) GG-Aar0nz: meaning?
(33:06 / All) ISlangYayYO: BLOANED
(33:17 / All) GG-Aar0nz: anyway its just a game whats wrong with winning or tieing or losing
(33:23 / All) ISlangYayYO: brb nose candy break
(33:24 / All) GG-BunnyBunny: they just scare
(33:30 / All) WhiteLineOCoke: we beat you easily
(33:32 / All) WhiteLineOCoke: and you tiehack us
(33:33 / All) WhiteLineOCoke: LOL
(34:11 / All) GG-Aar0nz: you sure we did that we ourselves have no program that is a hack to the warcraft system
(34:31 / All) GG-Aar0nz: unless you wanted to win so badly that you said we use tiehack
(34:33 / All) GG-BunnyBunny: mm look down on hacker
(34:54 / All) ISlangYayYO: both teams dont drop out of games like that
(34:56 / All) GG-BunnyBunny: they just a pathetic of sore loser
(34:59 / All) WhiteLineOCoke: please speak english
(35:00 / All) WhiteLineOCoke: thanks
(35:05 / All) AllUpInMyNasyo: yes, you are sore losers
(35:07 / All) AllUpInMyNasyo: we win
(35:12 / All) GG-BunnyBunny: oh realli?
(35:17 / All) GG-Aar0nz: how would we know we too just drop out of the game
(35:29 / All) WhiteLineOCoke: are you gooks
(35:34 / All) GG-Aar0nz: we dont even know what has happen
(35:35 / All) GG-BunnyBunny: it just concidence
(35:41 / All) ISlangYayYO: gooks lan hacking ian some dumb smell gook cafe
(35:49 / All) GG-BunnyBunny: yaya ..nub shit
(36:22 / All) WhiteLineOCoke: too bad you can't get skillhacks
(36:37 / All) GG-Aar0nz: nah your must be insane of standard games that your brains has been brain wash
(36:39 / All) GG-Aar0nz: with it
(36:49 / All) WhiteLineOCoke: hahaha gook really don't know english
(36:55 / All) WhiteLineOCoke: go back to asia server
(36:56 / All) GG-BunnyBunny: oh
(36:59 / All) ISlangYayYO: chingrish
(37:06 / All) GG-BunnyBunny: how gd is your eng then?
(37:08 / All) ISlangYayYO: go back to kalimdor you fgagots
(37:20 / All) WhiteLineOCoke: I'm a native speaker thats why my sentences make sense
(37:25 / All) GG-BunnyBunny: yaya ..they just hab pussy hanging around their head
(37:38 / All) ISlangYayYO: LAN HACK IN LITTLE ASIAN COMPUTER CAFE?
(37:46 / All) GG-BunnyBunny: oh
(37:47 / All) WhiteLineOCoke: look you're going to lose just tiehack now and we can get in another game with you
(37:48 / All) GG-BunnyBunny: realli
(37:49 / All) ISlangYayYO: DRINK TAPIOCA TEA?
(37:51 / All) GG-Aar0nz: my foot man
(37:57 / All) GG-Aar0nz: oh do i care
(38:18 / All) GG-Aar0nz: not really i cant blame your english, as they really sux big time
(38:27 / All) GG-BunnyBunny: indeed
(38:39 / All) GG-BunnyBunny: a noob forever a noob ..
(38:46 / All) AllUpInMyNasyo: says the loser
(38:55 / All) ISlangYayYO: NICE MICRO GOOK
(39:07 / All) ISlangYayYO: TOO LAGGY? GO BACK TO KALIMDOR?
(39:10 / All) GG-BunnyBunny: oh..i am loser i dun denied..but u these sore loser
(39:12 / Allies) AllUpInMyNasyo: ty
(39:21 / All) ISlangYayYO: TIEHACK COMMENCING?
(39:22 / All) GG-Aar0nz: oh is a free country isn't it
(39:25 / All) WhiteLineOCoke: no
(39:27 / All) WhiteLineOCoke: it isn't
(39:27 / All) GG-BunnyBunny: hack n spam ..
(39:28 / All) WhiteLineOCoke: get out
(39:29 / All) ISlangYayYO: POLICE STATE
(39:31 / All) GG-Aar0nz: we can go anywhere we like
(39:31 / All) AllUpInMyNasyo: but we aren't losing, how can we be sore losers if we dont lose
(39:33 / All) GG-BunnyBunny: lol
(39:53 / All) WhiteLineOCoke: tanks can't attack units
(39:53 / Allies) ISlangYayYO: GLOBAL ONE WORLD POLICE STATE GOVERNMENT?
(39:57 / All) WhiteLineOCoke: and instead tiehack
(40:05 / All) ISlangYayYO: TIE HACK FAILS
(40:06 / All) WhiteLineOCoke: tiehack failed
(40:07 / All) GG-Aar0nz: oh is that call tiehack
(40:09 / All) WhiteLineOCoke: massive phail
(40:11 / All) ISlangYayYO: IS WHAT IT IS
(40:15 / All) ISlangYayYO: AHAHAHA
(40:18 / All) GG-Aar0nz: you got to be kidding
(40:22 / All) ISlangYayYO: GO BACK TO FUCKING CHINA YOU FAGGOTS
(41:22 / All) GG-Aar0nz: nvm gd luck to you guys, childdish bunch of noobs cheebye kia kan ni na bu chao chee bye
(41:28 / All) WhiteLineOCoke: goodbye noob
(41:32 / All) ISlangYayYO: ni haoi
(41:33 / All) GG-Aar0nz: if you dont understand ask someone to help you translate